AoeStats
← 意大利狙神

Highland

504493488Analyzed
2v2 RM · 27d ago on Sep 5, 2026· 45m 49s· 4 players
Game mode
Random Map
Map size
Medium (4 player)
Population
200
Speed
Normal
Resources
Standard
Victory
Conquest
Starting age
Dark Age
Ending age
Imperial Age
RankedLock teamsTeams togetherTeam positionsShared explorationLock speedFull tech treeHidden civsTurbo modeCheats
Victory
Defeat
🇨🇳 Magyars · China
992
+19
🇨🇳 Poles · China
991
+19
🇨🇱 Celts · Chile
1089
-21
1008
-17
PAOSQLS | Dmitri Quetzalcoatl
11:48 Feudal Age
13:45 Double-Bit Axe
20:10 Castle Age
19:48 Stone Mining
21:18 Scale Barding Armor
21:24 Husbandry
21:48 Scale Barding Armor
23:22 Forging
26:46 Gold Mining
33:36 Scale Mail Armor
33:55 Pikeman
35:40 Iron Casting
35:08 Squires
39:10 Murder Holes
43:06 Bloodlines
PAOSQLS | trufkenpiwke
4:21 Loom
13:24 Feudal Age
13:27 Loom
17:13 Castle Age
15:36 Gold Mining
15:29 Horse Collar
16:45 Forging
17:35 Wheelbarrow
19:27 Loom
20:21 Double-Bit Axe
20:41 Heavy Plow
22:15 Bow Saw
22:43 Town Watch
27:28 Scale Mail Armor
28:03 Iron Casting
28:19 Pikeman
29:02 Man-at-Arms
31:43 Stone Mining
32:49 Chain Mail Armor
33:03 Long Swordsman
39:29 Imperial Age
39:18 Gambesons
40:02 Two-Handed Swordsman
41:31 Champion
42:26 Halberdier
44:50 Plate Mail Armor
意大利狙神
12:25 Feudal Age
13:41 Horse Collar
13:56 Double-Bit Axe
19:05 Castle Age
20:28 Heavy Plow
20:55 Bow Saw
24:45 Corvinian Army
26:45 Scale Barding Armor
27:34 Pikeman
39:34 Gold Mining
41:04 Chain Barding Armor
47:01 Imperial Age
蒜苔恶魔
10:45 Feudal Age
17:08 Castle Age
15:00 Double-Bit Axe
15:01 Horse Collar
16:53 Stone Mining
18:24 Bow Saw
18:59 Heavy Plow
22:05 Gold Mining
23:49 Stone Shaft Mining
30:47 Imperial Age
28:20 Fletching
28:42 Forging
27:58 Light Cavalry
28:50 Bloodlines
28:40 Husbandry
28:37 Loom
29:28 Wheelbarrow
30:55 Winged Hussar
31:56 Pikeman
32:37 Squires
33:38 Conscription
34:09 Hand Cart
34:31 Crop Rotation
35:30 Iron Casting
35:04 Fletching
35:12 Treadmill Crane
35:54 Ballistics
35:14 Elite Obuch
36:05 Scale Mail Armor
37:03 Hoardings
36:04 Elite Skirmisher
38:40 Blast Furnace
38:39 Chain Mail Armor
38:49 Bodkin Arrow
39:09 Masonry
38:56 Cavalier
39:27 Crossbowman
40:12 Thumb Ring
42:35 Lechitic Legacy
43:58 Arbalester
45:01 Bracer
45:01 Padded Archer Armor
45:07 Scale Barding Armor
46:31 Plate Mail Armor
Connection lost

Rejoining the realm…

Still unreachable

The connection could not be restored.

Session expired

The server has moved on; the page needs a fresh start.